Map: King Sejong Station LE

Players

DatBoiCaleb - Winner!

  • Race: Zerg Zerg
  • League: Grandmaster

Miszu

  • Race: Zerg Zerg
  • League: Master

VOD

Have the link to the VOD?

Description

Time

  • Played on: July 2, 2016, 6:28 p.m.
  • Length: 6:52
Show
View Real Time Build Order
Export as new Build Order

DatBoiCaleb Zerg - Winner!

Build Orders: Hatch First, Zergling Baneling 

Get SALT Encoding   

  12  0:02  Drone  
  13  0:09  Drone  
  14  0:18  Overlord  
  14  0:23  Extractor  
  14  0:24  Drone  
  15  0:43  Drone x2  
  17  0:53  Hatchery  
  17  0:56  Drone  
  17  1:08  Drone x2  
  17  1:10  Extractor  
  18  1:23  Drone, Spawning Pool  
  18  1:29  Drone  
  19  1:41  Overlord  
  19  1:51  Drone  
  20  2:09  Queen x2  
  20  2:10  Zergling x4  
  20  2:11  Metabolic Boost  
  20  2:15  Drone x2  
  28  2:24  Drone  
  28  2:28  Drone  
  30  2:34  Drone  
  31  2:41  Zergling x2  
  32  2:45  Hatchery  
  31  2:54  Baneling Nest  
  31  2:55  Drone x2  
  32  3:03  Overlord  
  32  3:05  Zergling x4  
  34  3:11  Zergling x2  
  35  3:20  Zergling x2  
  36  3:28  Zergling x12  
  42  3:42  Baneling x2  
  42  3:46  Zergling x4  
  43  4:01  Baneling  
  43  4:02  Zergling x2  
  43  4:03  Zergling x12  
  43  4:07  Baneling x3  
  46  4:23  Zergling x12  
  47  4:26  Baneling x2  
  47  4:29  Queen  
  47  4:30  Overlord x2  
  40  4:55  Zergling x4  
  40  4:56  Zergling x18  
  40  4:58  Baneling x4  
  51  5:08  Zergling x4  
  51  5:09  Zergling x2  
  48  5:24  Roach Warren  
  48  5:25  Evolution Chamber  
  44  5:29  Baneling  
  44  5:30  Baneling x3  
  44  5:34  Zergling x2  
  44  5:35  Zergling x8  
  49  5:37  Baneling x3  
  49  5:40  Baneling  
  49  5:46  Zergling x6  
  52  5:54  Zergling x2  
  49  6:04  Baneling  
  49  6:05  Baneling  
  36  6:23  Zergling x2  
  36  6:24  Zergling x20  
  44  6:29  Baneling  
  44  6:30  Baneling  
  44  6:32  Baneling  
  44  6:34  Zergling x2  
Show
View Real Time Build Order
Export as new Build Order

Miszu Zerg 

Build Orders: Hatch First 

Get SALT Encoding   

  12  0:00  Drone  
  13  0:12  Overlord  
  13  0:17  Drone  
  14  0:30  Drone  
  14  0:31  Drone  
  16  0:50  Hatchery  
  16  0:52  Drone  
  16  0:55  Drone  
  17  0:59  Extractor  
  17  1:01  Drone  
  17  1:16  Spawning Pool  
  16  1:18  Drone  
  16  1:24  Drone  
  18  1:40  Overlord  
  18  1:48  Drone  
  19  2:03  Metabolic Boost, Queen x2  
  23  2:08  Zergling x2  
  23  2:10  Zergling x2  
  23  2:13  Zergling x2  
  26  2:17  Drone  
  26  2:20  Drone  
  28  2:23  Drone  
  28  2:28  Drone  
  30  2:35  Drone x2  
  32  2:41  Baneling Nest  
  32  2:43  Drone  
  32  2:46  Drone  
  33  2:54  Drone  
  34  3:05  Overlord  
  34  3:08  Drone x2  
  36  3:25  Hatchery  
  35  3:28  Zergling x12  
  35  3:32  Zergling x2  
  42  3:35  Zergling x2  
  42  3:49  Baneling  
  42  3:52  Zergling x6  
  44  4:02  Zergling x4  
  43  4:12  Zergling x4  
  41  4:18  Zergling x6  
  41  4:21  Baneling x2  
  41  4:22  Zergling x2  
  41  4:24  Zergling x2  
  41  4:25  Baneling x2  
  41  4:34  Zergling x2  
  41  4:35  Baneling  
  41  4:36  Zergling x2  
  43  4:42  Zergling x4  
  41  4:49  Zergling x14  
  43  4:54  Zergling x2  
  43  4:56  Zergling x2  
  44  5:05  Zergling x4  
  45  5:11  Zergling x4  
  45  5:12  Baneling  
  45  5:13  Baneling x6  
  44  5:20  Zergling x14  
  46  5:35  Overlord x2  
  46  5:40  Baneling x3  
  46  5:43  Baneling  
  46  5:44  Baneling x3  
  46  5:45  Hatchery  
  45  5:55  Zergling x14  
  34  6:05  Zergling x4  
  34  6:07  Zergling x2  
  34  6:09  Zergling x2  
  34  6:11  Zergling x2  
  38  6:18  Zergling x10  
  41  6:21  Baneling x3  
  41  6:24  Zergling x2  
  40  6:28  Zergling x2  
Tags
 
Add a new tag
Caveats
  • Supply blocks, unpowered buildings, or Contaminate may cause inaccurate times.
  • Supply counts are checked every 10 seconds.